 Dungeon Crawl Stone Soup version 0.31.0-32-g396128a36d (webtiles) character file.

Game seed: 8844432280368243685

80350 James the Thaumaturge (level 15, -2/106 HPs)
             Began as a Yellow Draconian Conjurer on Mar 26, 2024.
             Was a High Priest of Vehumet.
             Slain by a minotaur
             ... wielding a +0 mace
              (18 damage)
             ... in a Gauntlet on Mar 28, 2024.
             The game lasted 02:20:00 (32516 turns).

James the Thaumaturge (Yellow Draconian Conjurer)  Turns: 32516, Time: 02:20:01

Health: -2/106     AC: 17    Str: 18    XL:     15   Next: 23%
Magic:  32/32      EV: 16    Int: 30    God:    Vehumet [*****.]
Gold:   885        SH:  0    Dex: 14    Spells: 8/40 levels left

rFire   + . .        a - +3 quarterstaff (spect)
rCold   + + .        (shield currently unavailable)
rNeg    + . .        (body armour unavailable)
rPois   .            (helmet restricted)
rElec   .            j - scarf {rC+ rF+}
rCorr   +            E - +2 pair of gloves "Qotyist" {^Drain rC+ Dex+3}
SInv    .            L - +0 pair of boots
Will    +....        e - amulet "Minava Efary" {RegenMP Rampage *Slow rN+ Str+8}
Stlth   ++           F - +6 ring of intelligence
HPRegen 0.37/turn    l - +4 ring of protection
MPRegen 0.63/turn

%: no teleportation, slow self (1%), rampage
@: no status effects
A: spit acid, AC +9, unfitting armour, acidic bite, cold-blooded, acid
resistance, [frail 2]
a: Breathe Acid, Renounce Religion


You were in a Gauntlet.
You worshipped Vehumet.
Vehumet was extremely pleased with you.
You visited 4 branches of the dungeon, and saw 21 of its levels.
You also visited: Gauntlet.

You collected 2698 gold pieces.
You spent 1813 gold pieces at shops.

Inventory:

Hand Weapons
 a - a +3 spectral quarterstaff (weapon)
   (You took it off a spriggan druid on level 3 of the Lair of Beasts)
 b - a +2 trident of venom
   (You took it off an orc on level 1 of the Orcish Mines)
 P - a +0 heavy sling
   (You found it in a Gauntlet)
 W - the +8 war axe "Esetz" {drain, rN+ Dex+5}
   (You found it on level 9 of the Dungeon)

   Dex+5:     It affects your dexterity (+5).
   rN+:       It protects you from negative energy.
Missiles
 i - 22 boomerangs
 y - 8 poisoned darts
 H - 2 curare-tipped darts {!f}
 T - a throwing net {!f}
Armour
 j - a scarf of resistance (worn)
   (You found it on level 8 of the Dungeon)
 p - the +0 cloak of Hopscotch {rElec Regen+ Int+5 Slay-2}
   (You found it in a Gauntlet)

   Int+5:     It affects your intelligence (+5).
   Slay-2:    It affects your accuracy & damage with ranged weapons and melee
   (-2).
   rElec:     It insulates you from electricity.
   Regen+:    It increases your rate of health regeneration.
 q - a +0 kite shield
   (You took it off a goblin on level 2 of the Dungeon)
 E - the +2 pair of gloves "Qotyist" (worn) {^Drain rC+ Dex+3}
   (You bought it in a shop on level 10 of the Dungeon)

   Dex+3:     It affects your dexterity (+3).
   rC+:       It protects you from cold.
   ^Drain:    It drains your maximum health when unequipped.
 L - a +0 pair of boots (worn)
   (You found it on level 10 of the Dungeon)
Jewellery
 e - the amulet "Minava Efary" (around neck) {RegenMP Rampage *Slow rN+ Str+8}
   (You bought it in a shop on level 2 of the Orcish Mines)

   [amulet of magic regeneration]

   RegenMP:   It increases your rate of magic regeneration.
   Str+8:     It affects your strength (+8).
   rN+:       It protects you from negative energy.
   *Slow:     It may slow you when you take damage.
   Rampage:   It bestows one free step when moving towards enemies.
 l - a +4 ring of protection (right hand)
   (You found it on level 4 of the Dungeon)
 z - a ring of see invisible
   (You found it on level 3 of the Dungeon)
 A - a +4 ring of protection
   (You found it in a Gauntlet)
 C - the ring "Oschus" {rF++ Str-5 Slay+5 SInv}
   (You found it in a Gauntlet)

   [ring of see invisible]

   Str-5:     It affects your strength (-5).
   Slay+5:    It affects your accuracy & damage with ranged weapons and melee
   (+5).
   rF++:      It greatly protects you from fire.
   SInv:      It lets you see invisible.
 F - a +6 ring of intelligence (left hand)
   (You bought it in a shop on level 3 of the Dungeon)
 K - the ring "Ypogriodd" {Wiz rElec Will- Str+2}
   (You found it in a Gauntlet)

   [ring of wizardry]

   Wiz:       It improves your spell success rate.
   Str+2:     It affects your strength (+2).
   rElec:     It insulates you from electricity.
   Will-:     It decreases your willpower.
 R - a ring of flight
   (You found it on level 12 of the Dungeon)
 U - a ring of wizardry
   (You found it on level 9 of the Dungeon)
Wands
 g - a wand of light (12)
   (You found it on level 1 of the Dungeon)
 h - a wand of roots (29)
   (You took it off Erolcha on level 9 of the Dungeon)
 u - a wand of paralysis (24)
   (You found it on level 9 of the Dungeon)
 v - a wand of digging (8)
   (You found it on level 8 of the Dungeon)
 I - a wand of polymorph (17)
   (You took it off Joseph on level 8 of the Dungeon)
 M - a wand of mindburst (15)
   (You found it on level 4 of the Dungeon)
Scrolls
 k - 9 scrolls of teleportation {@r4}
 m - 4 scrolls of fear
 s - a scroll of butterflies
 B - 2 scrolls of enchant weapon
 G - 4 scrolls of fog
 O - 5 scrolls of immolation {!r}
 S - a scroll of revelation
 Y - a scroll of blinking
Potions
 c - 4 potions of curing {@q1}
 d - 3 potions of magic
 f - 5 potions of lignification {!q}
 n - 2 potions of berserk rage
 o - 9 potions of brilliance
 r - 4 potions of heal wounds {@q2}
 t - a potion of haste {unknown}
 w - a potion of cancellation {unknown}
 D - 7 potions of might
 J - 2 potions of invisibility
 N - 2 potions of ambrosia
 Q - 2 potions of enlightenment
 Z - 2 potions of mutation {!q}
Miscellaneous
 x - a condenser vane
   (You found it on level 4 of the Dungeon)
 X - a phial of floods
   (You found it on level 3 of the Lair of Beasts)


   Skills:
 + Level 12.3 Fighting
 + Level 9.3 Dodging
 - Level 2.0 Stealth
 * Level 13.4 Spellcasting
 * Level 11.5 Conjurations
 + Level 6.6 Translocations
 + Level 6.5 Ice Magic
 * Level 11.6 Air Magic
 - Level 3.0 Alchemy


You had 8 spell levels left.
You knew the following spells:

 Your Spells              Type           Power      Damage    Failure   Level
a - Magic Dart            Conj           100%       1d8       0%          1
b - Mercury Vapours       Alch/Air       100%       N/A       1%          2
c - Blink                 Tloc           100%       N/A       1%          2
d - Vhi's Electric Charg  Tloc/Air       100%       N/A       1%          4
e - Freezing Cloud        Conj/Ice/Air   34%        6-21      1%          5
f - Mephitic Cloud        Conj/Alch/Air  64%        N/A       1%          3
g - Airstrike             Air            37%        2d(6-22)  1%          4
h - Arcjolt               Conj/Air       37%        1d47      1%          5
s - Searing Ray           Conj           100%       2d8       1%          2
x - Iskenderun's Mystic   Conj/Tloc      65%        2d13      1%          4

Your spell library contained the following spells:

 Spells                   Type           Power      Damage    Failure   Level
 Eringya's Noxious Bog    Alch           19%        4d6       28%         6
 Freeze                   Ice            100%       1d10      1%          1
 Sandblast                Erth           40%        2d10      1%          1
 Cigotuvi's Dreadful Rot  Necr/Alch/Air  98%        N/A       1%          2
 Lesser Beckoning         Tloc           100%       N/A       1%          2
 Frozen Ramparts          Ice            100%       1d16      1%          3
 Gell's Gravitas          Tloc           56%        N/A       1%          3
 Hailstorm                Conj/Ice       65%        3d12      1%          3
 Ozocubu's Armour         Ice            56%        N/A       1%          3
 Stone Arrow              Conj/Erth      100%       3d13      1%          3
 Teleport Other           Tloc           56%        N/A       1%          3
 Brom's Barrelling Bould  Conj/Erth      53%        2d7       1%          4
 Fulminant Prism          Conj/Alch      29%        3d14      1%          4
 Call Imp                 Summ           40%        N/A       3%          2
 Sublimation of Blood     Necr           20%        N/A       3%          2
 Ignite Poison            Fire/Alch      29%        N/A       3%          4
 Silence                  Hex/Air        26%        N/A       6%          5
 Passwall                 Erth           20%        N/A       8%          3
 Petrify                  Alch/Erth      29%        N/A       13%         4
 Metabolic Englaciation   Hex/Ice        19%        N/A       19%         5
 Maxwell's Capacitive Co  Air            37%        ∞         32%         8
 Sculpt Simulacrum        Ice/Alch       24%        N/A       47%         6
 Lehudib's Crystal Spear  Conj/Erth      26%        10d7      97%         8
 Summon Hydra             Summ           10%        N/A       100%        7
 Chain Lightning          Conj/Air       37%        3d49      99%         9
 Fire Storm               Conj/Fire      26%        8d7       100%        9
 Shatter                  Erth           10%        3d11*     100%        9


Dungeon Overview and Level Annotations

Branches:
Dungeon (13/15)            Temple (1/1) D:5            Lair (5/5) D:10
  Swamp (0/4) Lair:3        Snake (0/4) Lair:2        Slime (0/5) Lair:5
    Orc (2/2) D:9             Elf (0/3) Orc:2       Gauntlet (1/1)
 Vaults: D:13-14

Altars:
Ashenzari
Cheibriados
Dithmenos
Elyvilon
Fedhas
Gozag
Hepliaklqana
Kikubaaqudgha
Makhleb
Nemelex Xobeh
Okawaru
Qazlal
Ru
Sif Muna
Trog
Uskayaw
Vehumet
Wu Jian
Xom
Yredelemnul
Zin
The Shining One
Jiyva

Shops:
D:3 *   D:7 ?   D:10 [   Orc:2 =!:[

Annotations:
D:7 3 runed translucent doors, exclusion: 3 doors
Lair:2 2 transporters Gauntlet 8 transporters


Innate Abilities, Weirdness & Mutations

You can spit globs of acid.
Your golden yellow scales are hard. (AC +9)
You cannot fit into any form of body armour.
You have acidic saliva.
You are cold-blooded and may be slowed by cold attacks.
You are resistant to acid. (rCorr)
[You are very frail. (-20% HP)]


Message History

There is a transporter here.
You enter the transporter and appear at another place.
A minotaur comes into view. It is wielding a +0 mace.
Press: ? - help, Dir - move target, f - minotaur
Aim: a minotaur, wielding a +0 mace, wearing a +0 chain mail, wearing a +4 ring of protection and quivering javelins (wandering, hasn't noticed you)
The minotaur bellows!
The minotaur is engulfed in freezing vapours.
The minotaur throws a javelin.
The javelin completely misses you.
The minotaur is engulfed in freezing vapours.
The minotaur throws a javelin.
The javelin closely misses you.
The minotaur is engulfed in freezing vapours.
The minotaur hits you with a +0 mace! The minotaur gores you.
You hit the minotaur.
You bite the minotaur, but do no damage.
Your +3 spectral quarterstaff hits the minotaur but does no damage.
The minotaur is engulfed in freezing vapours.
The minotaur hits you with a +0 mace! The minotaur completely misses you.
The minotaur is engulfed in freezing vapours.
The minotaur completely misses you.
The minotaur gores you but does no damage.
You completely miss the minotaur.
The minotaur furiously retaliates!
The minotaur headbutts you.
You tail-slap the minotaur, but do no damage.
Your +3 spectral quarterstaff hits the minotaur.
The minotaur is engulfed in freezing vapours.
The minotaur hits your +3 spectral quarterstaff with a +0 mace!
Your spectral weapon shares its damage with you!
The minotaur gores your +3 spectral quarterstaff!
Your spectral weapon shares its damage with you!
You hit the minotaur.
Your +3 spectral quarterstaff closely misses the minotaur.
The minotaur furiously retaliates!
The minotaur headbutts your +3 spectral quarterstaff!
Your spectral weapon shares its damage with you!
Your +3 spectral quarterstaff disappears.
The minotaur hits you with a +0 mace!!
* * * LOW HITPOINT WARNING * * *
The minotaur gores you!
* * * LOW HITPOINT WARNING * * *
You hit the minotaur but do no damage.
Your +3 spectral quarterstaff hits the minotaur!
The minotaur is engulfed in freezing vapours.
The minotaur hits you with a +0 mace!
* * * LOW HITPOINT WARNING * * *
The minotaur misses you.
You hit the minotaur but do no damage.
Your +3 spectral quarterstaff completely misses the minotaur.
The minotaur is engulfed in freezing vapours.
The minotaur hits you with a +0 mace!!
You die...

############
#..@(.......
#.##H######.
##.#..§.
####
#..#.####
#..# #.##.
##.# #.#..
#.# #.#H#
#.# #.#. #.#
#.# #.#


You could see a minotaur and a friendly +3 spectral quarterstaff.

Vanquished Creatures
  A dire elephant (Lair:5)
  A fire dragon (Lair:5)
  Snorg (D:12)
  Josephine (D:12)
  Erolcha (D:9)
  Erica (D:8)
  4 hydras (Lair:5)
  4 boulder beetles
  4 catoblepae
  3 ogre magi (Orc:2)
  4 two-headed ogres
  A centaur warrior (D:9)
  12 death yaks
  A wretched star (Gauntlet)
  Nergalle (Orc:2)
  2 spriggan druids (Lair:3)
  A swamp dragon (Lair:5)
  An arcanist (D:13)
  2 lindwurms (Lair:5)
  Pikel (D:8)
  2 ugly things (D:12)
  An oklob plant (Lair:5)
  A deep elf pyromancer (D:9)
  Maurice (D:9)
  13 elephants
  6 black mambas
  5 manticores
  6 orc sorcerers (Orc:2)
  3 slime creatures (D:12)
  Joseph (D:8)
  A cyclops (D:12)
  A smoke demon (Gauntlet)
  2 kobold blastminers (Orc:1)
  13 cane toads
  2 torpor snails
  An unseen horror (D:12)
  5 rime drakes
  Psyche (D:9)
  7 komodo dragons
  3 kobold demonologists
  4 trolls
  3 polar bears
  A wolf spider simulacrum (Gauntlet)
  14 blink frogs
  Grinder (D:3)
  4 dream sheep
  2 shadows
  3 wyverns
  58 yaks
  2 centaur simulacra (Gauntlet)
  9 wraiths
  5 basilisks
  A small abomination (Gauntlet)
  The ghost of Engrim the Trooper, an amateur DsFi (D:4)
  3 steam dragons
  2 wargs
  8 vampire mosquitoes
  2 acid dragons
  A naga (Lair:2)
  12 water moccasins
  2 swamp drakes (Lair:5)
  18 orc warriors
  3 black bears
  21 wolves
  An ice dragon simulacrum (Gauntlet)
  A sky beast (D:7)
  8 ogres
  2 phantoms
  5 centaurs
  3 lemures
  Blork the orc (D:4)
  4 kobold brigands
  13 bullfrogs
  4 scorpions
  2 gnoll sergeants (D:6)
  16 wights
  11 killer bees
  4 howler monkeys
  A bombardier beetle (D:5)
  4 crimson imps (Gauntlet)
  6 hounds
  2 jellies
  6 orc priests
  A sleepcap (D:4)
  Jessica (D:3)
  10 iguanas
  35 orc wizards
  Robin (D:2)
  4 adders
  4 gnolls
  A shadow imp (D:6)
  2 white imps
  2 dart slugs
  2 ribbon worms (D:3)
  53 orcs
  2 ball pythons (D:1)
  10 endoplasms
  5 giant cockroaches
  14 goblins
  9 hobgoblins
  6 jackals
  3 quokkas (D:4)
  5 bats
  5 frilled lizards
  16 kobolds
  4 rats
  A butterfly (Lair:2)
  A spectral weapon (Orc:1)
593 creatures vanquished.

Vanquished Creatures (others)
  An orc wizard (Orc:1)
  A spectral weapon (Gauntlet)
2 creatures vanquished.

Grand Total: 595 creatures vanquished

Notes
Turn   | Place    | Note
-------+----------+-------------------------------------------
     0 | D:1      | James the Draconian Conjurer began the quest for the Orb.
     0 | D:1      | Reached XP level 1. HP: 14/14 MP: 3/3
   133 | D:1      | Found a faded altar of an unknown god.
   352 | D:1      | Reached XP level 2. HP: 22/22 MP: 3/5
   355 | D:1      | Learned a level 2 spell: Searing Ray
   660 | D:1      | Reached skill level 1 in Fighting
   695 | D:1      | Reached XP level 3. HP: 24/28 MP: 1/6
   969 | D:1      | Learned a level 2 spell: Mercury Vapours
  1117 | D:2      | Noticed Robin
  1677 | D:2      | Killed Robin
  1678 | D:2      | Reached XP level 4. HP: 35/35 MP: 1/8
  1693 | D:2      | Reached skill level 1 in Air Magic
  2027 | D:2      | Reached skill level 1 in Alchemy
  2176 | D:3      | Noticed Grinder
  2182 | D:3      | Killed Grinder
  2183 | D:3      | Reached skill level 3 in Spellcasting
  2183 | D:3      | Reached XP level 5. HP: 21/42 MP: 0/10
  2183 | D:3      | Reached XP level 6. HP: 25/49 MP: 0/11
  2278 | D:3      | Learned a level 3 spell: Mephitic Cloud
  2283 | D:3      | Learned a level 4 spell: Iskenderun's Mystic Blast
  2343 | D:3      | Noticed Jessica
  2349 | D:3      | Killed Jessica
  2482 | D:3      | Found a sparkling altar of Nemelex Xobeh.
  2488 | D:3      | Found Jofujits's Assorted Antiques.
  2698 | D:3      | Found a snail-covered altar of Cheibriados.
  2703 | D:3      | Found a basalt altar of Yredelemnul.
  2890 | D:3      | Found a stormy altar of Qazlal.
  2895 | D:3      | Found a radiant altar of Vehumet.
  2903 | D:3      | Became a worshipper of Vehumet
  2908 | D:3      | Found a white marble altar of Elyvilon.
  3027 | D:3      | Bought an ancient wooden ring for 95 gold pieces
  3027 | D:3      | Identified the ring "Ychuth" {Fly rC- Str+7} (You bought it
                  | in a shop on level 3 of the Dungeon)
  3027 | D:3      | Bought a red potion for 17 gold pieces
  3477 | D:4      | Reached skill level 5 in Conjurations
  3607 | D:4      | Noticed Blork the orc
  3675 | D:4      | Reached skill level 4 in Spellcasting
  4244 | D:4      | Found a runed translucent door.
  4246 | D:4      | Noticed Engrim's ghost (amateur DsFi)
  4678 | D:5      | Entered Level 5 of the Dungeon
  4705 | D:4      | Your scales start taking on a golden yellow colour.
  4705 | D:4      | Reached XP level 7. HP: 44/57 MP: 0/13
  4705 | D:4      | Gained mutation: You are resistant to acid. (rCorr) [Yellow
                  | Draconian growth]
  5174 | D:5      | Reached * piety under Vehumet
  5174 | D:5      | Offered knowledge of Foxfire by Vehumet.
  5175 | D:5      | Reached skill level 5 in Spellcasting
  5381 | D:5      | Found a staircase to the Ecumenical Temple.
  5393 | Temple   | Entered the Ecumenical Temple
  5627 | D:5      | Reached XP level 8. HP: 66/66 MP: 8/16
  6241 | D:5      | Found a hazy altar of Hepliaklqana.
  6456 | D:4      | Killed Blork the orc
  6690 | D:3      | Bought a scroll labelled ISUD EHIVEE for 19 gold pieces
  6690 | D:3      | Bought a scroll labelled ISOAMO LIGOGOMN for 19 gold pieces
  6859 | D:6      | Reached skill level 6 in Spellcasting
  7585 | D:6      | Reached skill level 5 in Fighting
  8444 | D:7      | Reached XP level 9. HP: 68/74 MP: 11/19
  8528 | D:7      | Reached skill level 7 in Spellcasting
  8556 | D:7      | Found a runed translucent gate.
  8556 | D:7      | Found a runed translucent gate.
  8558 | D:7      | Found a runed translucent gate.
  8558 | D:7      | Noticed a death yak
  8558 | D:7      | Noticed a polar bear
  8559 | D:7      | Noticed a death yak
  8559 | D:7      | Noticed a polar bear
  8726 | D:7      | Reached skill level 1 in Translocations
  8737 | D:7      | Offered knowledge of Freeze by Vehumet.
  8827 | D:7      | Got the Incunable of the Brume
  8966 | D:7      | Found an opulent altar of Gozag.
  9149 | D:7      | Learned a level 2 spell: Blink
  9242 | D:7      | Found Joiles's Magic Scroll Shoppe.
  9531 | D:8      | Noticed Erica
  9979 | D:8      | Reached skill level 8 in Spellcasting
 10158 | D:8      | Noticed Joseph
 10335 | D:8      | Noticed Pikel
 10347 | D:8      | Killed Pikel
 10347 | D:8      | Reached ** piety under Vehumet
 10530 | D:8      | Reached XP level 10. HP: 84/84 MP: 16/22
 10724 | D:9      | Noticed a centaur warrior
 10726 | D:9      | Noticed a two-headed ogre
 10733 | D:9      | Killed a centaur warrior
 10982 | D:9      | Reached skill level 9 in Spellcasting
 11047 | D:9      | Noticed a rust devil
 11057 | D:8      | Noticed a sun demon
 11058 | D:8      | Noticed a sixfirhy
 11250 | D:9      | Noticed a sun demon
 11449 | D:9      | Noticed Erolcha
 11542 | D:9      | Noticed a manticore
 11544 | D:9      | Noticed a two-headed ogre
 11561 | D:9      | Noticed Psyche
 11890 | D:9      | Learned a level 4 spell: Vhi's Electric Charge
 11898 | D:9      | Killed a manticore
 11998 | D:9      | HP: 1/88 [something (7)]
 12000 | D:9      | Killed Psyche
 12001 | D:9      | Reached skill level 10 in Spellcasting
 12191 | D:9      | Killed Erolcha
 12254 | D:9      | Identified the +8 war axe "Esetz" {drain, rN+ Dex+5}
 12262 | D:9      | Offered knowledge of Hailstorm by Vehumet.
 12344 | D:9      | Noticed Maurice
 12377 | D:9      | Reached XP level 11. HP: 49/95 MP: 16/25
 12384 | D:9      | Killed Maurice
 12701 | D:9      | Reached *** piety under Vehumet
 12733 | D:9      | Reached skill level 11 in Spellcasting
 12861 | D:9      | Killed a two-headed ogre
 13007 | D:9      | Found a staircase to the Orcish Mines.
 13460 | D:9      | Noticed a deep elf pyromancer
 13473 | D:9      | Killed a deep elf pyromancer
 13690 | D:8      | Killed a two-headed ogre
 13690 | D:8      | Offered knowledge of Dazzling Flash by Vehumet.
 13691 | D:8      | Reached skill level 10 in Fighting
 13806 | D:9      | Got the Vellum of the Crater
 13876 | D:10     | Entered Level 10 of the Dungeon
 14154 | D:10     | Reached skill level 12 in Spellcasting
 14744 | D:10     | Found a staircase to the Lair.
 14751 | D:10     | Found Foc Koe's Antique Armour Shop.
 14884 | D:10     | Noticed a two-headed ogre
 14898 | D:10     | Killed a two-headed ogre
 15313 | D:10     | Bought a pair of transparent gloves for 275 gold pieces
 15313 | D:10     | Identified the +2 pair of gloves "Qotyist" {^Drain rC+
                  | Dex+3} (You bought it in a shop on level 10 of the Dungeon)
 15355 | D:10     | Learned a level 5 spell: Freezing Cloud
 15816 | D:11     | Reached XP level 12. HP: 107/107 MP: 18/28
 15820 | D:11     | Reached skill level 5 in Translocations
 16475 | D:11     | Reached **** piety under Vehumet
 16950 | D:4      | Offered knowledge of Sticky Flame by Vehumet.
 16950 | D:4      | Killed Engrim's ghost
 16967 | D:4      | Identified the +0 war axe "Toph" {freeze, Dex+5}
 17229 | D:8      | Killed Joseph
 17320 | D:8      | Killed Erica
 17321 | D:8      | Reached skill level 1 in Ice Magic
 17411 | Lair:1   | Entered Level 1 of the Lair of Beasts
 17531 | Lair:1   | Reached skill level 5 in Air Magic
 17899 | Lair:1   | Noticed a catoblepas
 17914 | Lair:1   | Killed a catoblepas
 18557 | D:3      | Bought a ruby ring for 95 gold pieces
 19216 | Lair:2   | Noticed a catoblepas
 19444 | Lair:2   | Reached ***** piety under Vehumet
 19524 | Lair:2   | Killed a catoblepas
 19524 | Lair:2   | Offered knowledge of Airstrike by Vehumet.
 19525 | Lair:2   | Reached skill level 13 in Spellcasting
 19901 | Lair:2   | Found a transporter.
 19948 | Lair:2   | Found a transporter.
 19966 | Lair:2   | Found a staircase to the Snake Pit.
 20496 | Lair:2   | Reached XP level 13. HP: 110/116 MP: 2/30
 20712 | Lair:3   | Identified the blade talisman of the Shining Light {rElec
                  | MP+9 Int+3 Dex+3}
 20773 | Lair:3   | Reached skill level 10 in Conjurations
 21154 | Lair:3   | Learned a level 4 spell: Airstrike
 21428 | Lair:3   | Reached skill level 5 in Dodging
 21582 | Lair:3   | Found a staircase to the Swamp.
 22780 | Lair:5   | Entered Level 5 of the Lair of Beasts
 22805 | Lair:5   | Reached skill level 10 in Air Magic
 22936 | Lair:4   | Offered knowledge of Irradiate by Vehumet.
 23438 | Lair:5   | Found a viscous altar of Jiyva.
 23438 | Lair:5   | Found a staircase to the Slime Pits.
 24195 | Lair:5   | Reached skill level 5 in Ice Magic
 24485 | Lair:5   | Gained mutation: You have acidic saliva. [Yellow Draconian
                  | growth]
 24485 | Lair:5   | Reached XP level 14. HP: 110/126 MP: 13/31
 26478 | Lair:5   | Offered knowledge of Eringya's Noxious Bog by Vehumet.
 27166 | D:12     | Noticed Josephine
 27169 | D:12     | Killed Josephine
 27507 | D:12     | Noticed Snorg
 27523 | D:12     | Killed Snorg
 29308 | Orc:1    | Entered Level 1 of the Orcish Mines
 29803 | Orc:2    | Entered Level 2 of the Orcish Mines
 29956 | Orc:2    | Reached XP level 15. HP: 122/132 MP: 24/32
 30583 | Orc:2    | Found a staircase to the Elven Halls.
 31012 | Orc:2    | Found Uxerakhli's Jewellery Shoppe.
 31057 | Orc:2    | Found an ancient bone altar of Kikubaaqudgha.
 31057 | Orc:2    | Noticed Nergalle
 31064 | Orc:2    | Killed Nergalle
 31085 | Orc:2    | Found Qad Faub's Book Emporium.
 31100 | Orc:2    | Paralysed by an ogre mage for 4 turns
 31263 | Orc:2    | Found a radiant altar of Vehumet.
 31332 | Orc:2    | Found Pufilize's Antique Armour Shoppe.
 31334 | Orc:2    | Found Meuzeur's Distillery.
 31576 | Orc:2    | Bought Maxwell's Memoranda for 560 gold pieces
 31582 | Orc:2    | Learned a level 5 spell: Arcjolt
 31613 | Orc:2    | Bought the amulet "Minava Efary" {RegenMP Rampage *Slow rN+
                  | Str+8} for 733 gold pieces
 31828 | D:13     | Noticed a fire giant
 31861 | D:13     | Found a gate leading to a gauntlet.
 31877 | Gauntlet | Entered a Gauntlet
 31877 | Gauntlet | Found a transporter.
 31877 | Gauntlet | Found a transporter.
 31877 | Gauntlet | Found a runed translucent gate.
 31877 | Gauntlet | Found a runed translucent gate.
 31894 | Gauntlet | Found a runed translucent gate.
 31905 | Gauntlet | Found a transporter.
 31923 | Gauntlet | Found a transporter.
 31923 | Gauntlet | Found a transporter.
 31923 | Gauntlet | Found a transporter.
 31925 | Gauntlet | Found a transporter.
 31925 | Gauntlet | Found a transporter.
 31938 | Gauntlet | Found a transporter.
 31938 | Gauntlet | Found the +2 cloak of the Thief {*Fog Slay-2 SInv Stlth+}
 31954 | Gauntlet | Found a transporter.
 31964 | Gauntlet | Found a transporter.
 31984 | Gauntlet | Found a transporter.
 32001 | Gauntlet | Found a transporter.
 32016 | Gauntlet | Found a transporter.
 32115 | Gauntlet | Identified the +0 cloak of Hopscotch {rElec Regen+ Int+5
                  | Slay-2}
 32377 | Gauntlet | Identified the ring "Oschus" {rF++ Str-5 Slay+5 SInv}
 32444 | Gauntlet | Identified the ring "Ypogriodd" {Wiz rElec Will- Str+2}
 32516 | Gauntlet | Slain by a minotaur

Illustrated notes

Levels and vault maps discovered:
D:1:      nicolae_arrival_washed_ashore, layout_rooms,
          hellmonk_ecumenical_altar_lost_god, minmay_ruptured
D:2:      layout_basic, nicolae_concentric_dashed_squares_wild,
          minmay_hexomino_r4, uniq_robin
D:3:      layout_rooms, nemelex_xobeh_ov_fountains_minmay,
          minmay_overflow_temple_star_quad, minitemple, serial_shops, shop,
          uniq_jessica, uniq_grinder
D:4:      layout_basic, ebering_ghost_inner_flame, serial_bayou_pond_b,
          uniq_blork_the_orc
D:5:      layout_basic, nicolae_hepliaklqana_hippocampus,
          minmay_temple_entry_statues_pillars, minmay_crystal_water,
          nicolae_figureground_pulse
D:6:      minmay_recursive_quarters, layout_basic, columned_hall_lemuel
D:7:      lemuel_bear_cage, layout_basic, grunt_gozag_statues, serial_shops,
          nicolae_shop_just_a_little_nook, roderic_lattice_a
D:8:      layout_rooms, uniq_pikel, uniq_erica, uniq_joseph
D:9:      cheibrodos_elevator_heist, layout_gridville, orc_0_dummy,
          minmay_joined_circles, uniq_erolcha, uniq_maurice, uniq_psyche
D:10:     layout_irregular_city, david_lair_generic, serial_shops,
          nicolae_shop_tiny_waterfront
D:11:     layout_basic, serial_glass, glass_columns_b, glass_columns_a
D:12:     layout_stronghold, uniq_josephine, uniq_snorg
D:13:     layout_basic, gauntlet_entry_generic,
          minmay_checkered_concentric_circles
Temple:   nicolae_temple_great_sept
Lair:1:   layout_cellular_growth
Lair:2:   gammafunk_cloud_chamber, layout_hall_layers,
          guppyfry_snake_entry_island, lemuel_fruit_fields
Lair:3:   layout_cave_shapes, mainiacjoe_swamp_entry_angry_trees,
          chequers_serial_rivers_room_b
Lair:4:   layout_cave_shapes, lemuel_fruit_tree
Lair:5:   hangedman_lair_in_review, layout_layer_cave, guppyfry_lair_end_dragon,
          slime_entry_1, hangedman_lair_generics_rect
Orc:1:    layout_diamond_mine
Orc:2:    kennysheep_orc_mage_school, layout_caves, basic_altar
Gauntlet: gammafunk_gauntlet_mixed_choke_point
          [minmay_gauntlet_arena_77_run_for_it,
          minmay_gauntlet_arena_77_broken_ladder,
          minmay_gauntlet_arena_77_tiled_triplets,
          nicolae_gauntlet_arena_blocks, minmay_gauntlet_arena_77_hold_the_fort,
          minmay_gauntlet_arena_77_fan, minmay_gauntlet_arena_77_squiggly,
          dreamdust_gauntlet_exit_labyrinth]

Skill      XL: |  1  2  3  4  5  6  7  8  9 10 11 12 13 14 |
---------------+-------------------------------------------+-----
Stealth        | 2 |  2.0
Dodging        | 2 3 6 9 |  9.3
Fighting       | 1 2 3 4 5 6 8 10 11 12 | 12.3
Air Magic      | 2 3 4 7 10 11 | 11.6
Alchemy        | 2 3 |  3.0
Spellcasting   | 3 4 5 6 8 10 12 13 | 13.4
Conjurations   | 5 7 9 10 11 | 11.5
Translocations | 4 6 |  6.6
Ice Magic      | 3 5 6 |  6.5

Action                     |  1- 3 |  4- 6 |  7- 9 | 10-12 | 13-15 || total
---------------------------+-------+-------+-------+-------+-------++-------
  Melee: Unarmed           |    10 |       |       |     1 |       ||    11
         Dagger            |    24 |    11 |       |       |       ||    35
         Tailslap          |     5 |     1 |     6 |    18 |    55 ||    85
         Punch             |     1 |       |     1 |     3 |       ||     5
         Falchion          |       |    13 |    20 |    60 |     3 ||    96
         Quarterstaff      |       |       |       |       |   289 ||   289
         Bite              |       |       |       |       |    41 ||    41
   Cast: Magic Dart        |    45 |    36 |    14 |     5 |       ||   100
         Searing Ray       |     9 |    22 |    66 |   104 |    31 ||   232
         Mercury Vapours   |     1 |     1 |    33 |    11 |     2 ||    48
         Iskenderun's Myst |       |       |     3 |   122 |   139 ||   264
         Mephitic Cloud    |       |       |       |    11 |     2 ||    13
         Freezing Cloud    |       |       |       |    37 |   118 ||   155
         Vhi's Electric Ch |       |       |       |     3 |     6 ||     9
         Airstrike         |       |       |       |       |     1 ||     1
Ability: Breathe Acid      |       |       |       |       |     1 ||     1
    Use: Scroll            |       |     9 |     7 |     4 |     7 ||    27
         Potion            |       |       |       |     2 |     2 ||     4
   Stab: Sleeping          |     1 |     1 |       |       |     2 ||     4
         Distracted        |       |       |       |       |     3 ||     3
 Armour: Skin              |    27 |    26 |   113 |   255 |   436 ||   857
  Dodge: Dodged            |    30 |    29 |    96 |   180 |   301 ||   636
